 Dungeon Crawl Stone Soup version 0.22-a0-161-g198051c (webtiles) character file.

21 wolfsongas the Skirmisher (level 2, 0/24 HPs)
             Began as a Demonspawn Wanderer on Feb 11, 2018.
             Slain by an ogre
             ... wielding a +0 giant club
              (24 damage)
             ... on level 2 of the Dungeon.
             The game lasted 00:02:01 (775 turns).

wolfsongas the Skirmisher (Demonspawn Wanderer)      Turns: 775, Time: 00:02:02

Health: 0/24       AC:  6    Str: 12    XL:     2   Next: 62%
Magic:  3/3        EV: 10    Int: 13    God:
Gold:   100        SH:  0    Dex: 12    Spells: 3/3 levels left

rFire    . . .     SeeInvis .   a - +2 spear
rCold    . . .     Gourm    .   (no shield)
rNeg     . . .     Faith    .   e - +1 ring mail
rPois    +         Spirit   .   (no helmet)
rElec    .         Reflect  .   (no cloak)
rCorr    .         Harm     .   (no gloves)
MR       .....                  (no boots)
Stlth    ..........             (no amulet)
HPRegen  0.08/turn              (no ring)
MPRegen  0.08/turn              (no ring)

@: very slightly contaminated
A: claws 1, hooves 1, low mp 1, poison resistance, rot immunity, subdued magic 1
a: no special abilities


You were on level 2 of the Dungeon.
You were not hungry.

You visited 1 branch of the dungeon, and saw 2 of its levels.

You collected 100 gold pieces.

Inventory:

Hand Weapons
 a - a +2 spear (weapon)
Armour
 e - a +1 ring mail (worn)
Scrolls
 g - a scroll of enchant armour
 i - a scroll of remove curse {unknown}
 k - a scroll of identify {unknown}
 l - a scroll of teleportation {unknown}
Potions
 b - a potion of lignification
 h - a potion of mutation
 j - a potion of invisibility {unknown}
 m - a potion of resistance {unknown}
Books
 c - Umom's Reference Book on Dislocation

   Spells                             Type                      Level
   a - Shroud of Golubria             Charms/Translocation         2
   b - Blink                          Translocation                2
Comestibles
 d - 6 chunks of flesh
 f - 3 rations


   Skills:
 - Level 3.0 Fighting
 * Level 2.1 Polearms
 - Level 1.0 Throwing
 - Level 1.7 Armour
   Level 1.0 Shields
 - Level 1.0 Spellcasting
   Level 1.7 Translocations


You had 3 spell levels left.
You didn't know any spells.

Dungeon Overview and Level Annotations

Branches:
Dungeon (2/15)

Altars:


Innate Abilities, Weirdness & Mutations

You are immune to rotting.
You have sharp fingernails.
You have large cloven feet.
Your magical capacity is low. (-10% MP)
Your system is resistant to poisons. (rPois)
Your spells are a little easier to cast, but a little less powerful.


Message History

You feel less contaminated with magical energies.
m - a pink potion
There is a stone staircase leading down here.
A bat comes into view.
An ogre comes into view. It is wielding a giant club.
The ogre shouts!
The bat hits you but does no damage.
Attack whom?
Press: ? - help, Dir - move target cursor, f - bat
Aim: a bat You reach to attack!
You hit the bat.
You kill the bat!
A goblin comes into view.
The goblin shouts!
A rat comes into view.
You hit the ogre.
The ogre is lightly wounded.
The ogre hits you with a giant club!!
Ouch! That really hurt!
You die...

#########.># ##.#
######.#####
+...........#
r#######.###.# ....
...# #.#
.....#######.########
....................#
..g...O@.....######.#
......#†.........#
.........#######.#
#....##... .### #..##
#..# #... #.##


You could see an ogre, a goblin and a rat.

Vanquished Creatures
  A dart slug (D:1)
  A leopard gecko (D:1)
  3 hobgoblins
  5 bats
  2 frilled lizards (D:1)
  3 goblins
  4 rats
19 creatures vanquished.

Notes
Turn   | Place    | Note
-------+----------+-------------------------------------------
     0 | D:1      | wolfsongas the Demonspawn Wanderer began the quest for the Orb.
     0 | D:1      | wolfsongas set off with: a +2 spear, a potion of lignification, Umom's Reference Book on Dislocation, a +0 robe, a ration
     0 | D:1      | Reached XP level 1. HP: 18/18 MP: 2/2
     0 | D:1      | Identified Umom's Reference Book on Dislocation
   176 | D:1      | Reached skill level 1 in Polearms
   214 | D:1      | Gained mutation: You are immune to rotting. [demonic ancestry]
   214 | D:1      | Reached XP level 2. HP: 22/24 MP: 3/3
   592 | D:1      | Gained mutation: You have large cloven feet. [potion of mutation]
   592 | D:1      | Gained mutation: Your spells are a little easier to cast, but a little less powerful. [potion of mutation]
   592 | D:1      | Gained mutation: You have sharp fingernails. [potion of mutation]
   592 | D:1      | Gained mutation: Your system is resistant to poisons. (rPois) [potion of mutation]
   749 | D:2      | Gained mutation: Your magical capacity is low. (-10% MP) [mutagenic glow]
   771 | D:2      | Noticed an ogre
   775 | D:2      | Slain by an ogre

Vault maps used:
D:1:      lemuel_arrival_funnel
D:2:      minitemple, chequers_ecumenical_altar_simple_redux, uniq_terence

Skill      XL: |  1  2 |
---------------+-------+-----
Polearms       | 1 2 |  2.1
Fighting       | |  3.0
Throwing       | |  1.0
Armour         | |  1.7
Shields        | |  1.0
Spellcasting   | |  1.0
Translocations | |  1.7

Action                   || total
-------------------------++-------
Melee: Spear             ||    47
       Kick              ||     1
  Use: Scroll            ||     1
       Potion            ||     1
Armor: Ring mail         ||    15
Dodge: Dodged            ||    16

Table legend:
 A = Spawn XP
 B = Non-spawn XP
 C = Spawn XP percentage of total XP
 D = Spawn monster count
 E = Non-spawn monster count
 F = Spawn count percentage of total count
 G = Total turns spent on level
                    A         B        C        D         E        F      G
               +---------+---------+-------+---------+---------+-------+---------
         Total |       0 |      30 |   0.0 |       0 |      19 |   0.0 |   775
               +---------+---------+-------+---------+---------+-------+---------
           D:1 |       0 |      23 |   0.0 |       0 |      14 |   0.0 |   625
           D:2 |       0 |       7 |   0.0 |       0 |       5 |   0.0 |   150
               +---------+---------+-------+---------+---------+-------+---------
